 Dungeon Crawl Stone Soup version 0.28.0-53-g5a82cb258f (webtiles) character file.

Game seed: 460318883248884615

49 ILmort the Chopper (level 3, -7/28 (33) HPs)
             Began as a Hill Orc Fighter on Aug 26, 2022.
             Mangled by Terence
             ... wielding the +7 Throatcutter {drain, coup de grace}
              (9 damage)
             ... on level 2 of the Dungeon.
             The game lasted 00:02:22 (1104 turns).

ILmort the Chopper (Hill Orc Fighter)               Turns: 1104, Time: 00:02:22

HP:   -7/28 (33)    AC:  7    Str: 20    XL:     3   Next: 77%
MP:   3/3           EV:  9    Int:  8    God:
Gold: 57            SH:  4    Dex: 10    Spells: 2/2 levels left

rFire   . . .      SeeInvis .   a - +0 war axe
rCold   . . .      Faith    .   c - +0 buckler
rNeg    . . .      Spirit   .   b - +0 scale mail
rPois   .          Reflect  .   (no helmet)
rElec   .          Harm     .   (no cloak)
rCorr   .          Rampage  .   (no gloves)
Will    .....                   (no boots)
Stlth   ..........              g - amulet of regeneration
HPRegen 0.89/turn               (no ring)
MPRegen 0.08/turn               (no ring)

@: mighty, heavily drained
A: no striking features
a: no special abilities


You were on level 2 of the Dungeon.
You visited 1 branch of the dungeon, and saw 2 of its levels.

You collected 57 gold pieces.

Inventory:

Hand Weapons
 a - a +0 war axe (weapon)
Armour
 b - a +0 scale mail (worn)
 c - a +0 buckler (worn)
Jewellery
 g - an amulet of regeneration (around neck)
 n - a ring of fire
 o - a ring of ice
Scrolls
 e - a scroll of vulnerability {unknown}
 h - a scroll of teleportation {unknown}
 k - a scroll of amnesia {unknown}
 l - a scroll of enchant armour {unknown}
 m - a scroll of identify {unknown}
 p - a scroll of holy word {unknown}
 q - a scroll of immolation {unknown}
 r - a scroll of enchant weapon {unknown}
Potions
 f - a potion of degeneration {unknown}
 i - 2 potions of lignification {unknown}
 j - a potion of curing {unknown}


   Skills:
 + Level 4.2 Fighting
 * Level 4.2 Axes
 + Level 3.8 Armour
 - Level 3.2 Shields


You had 2 spell levels left.
You didn't know any spells.
Your spell library was empty.

Dungeon Overview and Level Annotations

Branches:
Dungeon (2/15)

Altars:

Annotations:
D:2 Terence


Message History

You completely miss the dart slug.
The dart slug bites you but does no damage.
You slash the dart slug!
You kill the dart slug!
The adder bites you but does no damage.
You slash the adder!
You kill the adder!
No target in view!
No target in view!
No target in view!
No target in view!
No target in view!
No target in view!
No target in view!
No target in view!
No target in view!
No target in view!
You see here a dart slug corpse.
r - a scroll labelled PULEIFF LAUFUG Terence the Incautious comes into view.
He is wielding the +7 Throatcutter {drain, coup de grace}.
Found 7 gold pieces.
Okay, then.
You feel very mighty all of a sudden.
You closely miss Terence.
Terence hits you with the +7 Throatcutter {drain, coup de grace}.
You feel drained.
Terence hits you with the +7 Throatcutter {drain, coup de grace}.
You feel drained.
You hit Terence. You block Terence's attack.
You closely miss Terence.
Terence hits you with the +7 Throatcutter {drain, coup de grace}.
You feel drained.
Terence hits you with the +7 Throatcutter {drain, coup de grace}!
Ouch! That really hurt!
* * * LOW HITPOINT WARNING * * *
You feel drained.
* * * LOW HITPOINT WARNING * * *
You slash Terence!
Terence hits you with the +7 Throatcutter {drain, coup de grace}!
You die...

# .. ### .. #####
### ..... ...
.###############.#
# #...†.....##.#
#.#######.##@#
#.### #.##@# .
#.#.# #.##.#
#####.#.#####.##.#
.................#
#####.#######.#..#
#.......#.#..#
#######.#.#..#
#.#..#


You could see Terence.

Vanquished Creatures
  An adder (D:2)
  3 dart slugs
  3 endoplasms
  2 giant cockroaches (D:1)
  5 goblins
  4 hobgoblins
  3 jackals (D:1)
  2 ball pythons (D:1)
  3 bats
  A frilled lizard (D:1)
  A kobold (D:2)
  4 rats (D:1)
32 creatures vanquished.

Notes
Turn   | Place    | Note
-------+----------+-------------------------------------------
     0 | D:1      | ILmort the Hill Orc Fighter began the quest for the Orb.
     0 | D:1      | Reached XP level 1. HP: 19/19 MP: 1/1
   240 | D:1      | Reached XP level 2. HP: 27/27 MP: 2/2
   366 | D:1      | Reached XP level 3. HP: 33/33 MP: 3/3
  1086 | D:2      | Noticed Terence
  1103 | D:2      | HP: 1/28 [Terence/the +7 Throatcutter {drain, coup de
                  | grace} (6)]
  1104 | D:2      | Mangled by Terence

Illustrated notes

Levels and vault maps discovered:
D:1:      lemuel_arrival_broad_hall, layout_loops_ring,
          nicolae_concentric_dashed_squares_mild
D:2:      layout_basic, hellmonk_ecumenical_altar_prayer_group, uniq_terence

Skill      XL: |  1  2  3 |
---------------+----------+-----
Axes           | 3 4 |  4.2
Fighting       | 4 |  4.2
Armour         | |  3.8
Shields        | |  3.2

Action                   || total
-------------------------++-------
Melee: War axe           ||    64
  Use: Potion            ||     1
Armor: Scale mail        ||    33
Dodge: Dodged            ||    26
Block: Buckler           ||    16
